 Dungeon Crawl Stone Soup version 0.31-a0-557-g6e16503903 (webtiles) character file.

Game seed: 968940584373692376

73 javelincjr the Conjurer (level 4, -5/27 HPs)
             Began as an Octopode Conjurer on Aug 16, 2023.
             Slain by a goblin
             ... wielding a +0 club
             ... led by Robin
              (6 damage)
             ... on level 3 of the Dungeon.
             The game lasted 00:08:05 (2319 turns).

javelincjr the Conjurer (Octopode Conjurer)         Turns: 2319, Time: 00:08:06

Health: -5/27      AC:  1    Str:  5 (6)  XL:     4   Next: 27%
Magic:  1/7        EV: 13    Int: 21 (22) God:
Gold:   152        SH:  5    Dex:  9 (10) Spells: 4/8 levels left

rFire   . . .        b - +0 dagger
rCold   . . .        (no shield)
rNeg    . . .        (helmet restricted)
rPois   .            h - amulet of reflection
rElec   .            (no ring)
rCorr   .            (no ring)
SInv    .            (no ring)
Will    .....        (no ring)
Stlth   +++          (no ring)
HPRegen 0.24/turn    (no ring)
MPRegen 0.10/turn    (no ring)
                     (no ring)

%: reflection
@: lethally poisoned (-5 -> -11)
A: almost no armour, amphibious, 8 rings, camouflage 1, gelatinous body 1,
(nimble swimmer 1), tentacles, evolution 1
a: no special abilities


You were on level 3 of the Dungeon.
You visited 1 branch of the dungeon, and saw 3 of its levels.

You collected 152 gold pieces.

Inventory:

Hand Weapons
 b - a +0 dagger (weapon)
Jewellery
 h - an amulet of reflection (around mantle)
Scrolls
 d - 4 scrolls of identify {unknown}
 f - 3 scrolls of teleportation {unknown}
 g - a scroll of immolation {unknown}
Potions
 a - a potion of magic


   Skills:
 + Level 2.7 Dodging
 + Level 3.9 Stealth
 + Level 2.6 Spellcasting
 + Level 4.4 Conjurations


You had 4 spell levels left.
You knew the following spells:

 Your Spells              Type           Power      Damage    Failure   Level
a - Magic Dart            Conj           84%        1d7       2%          1
b - Stone Arrow           Conj/Erth      24%        3d8       17%         3

Your spell library contained the following spells:

 Spells                   Type           Power      Damage    Failure   Level
 Searing Ray              Conj           42%        2d6       3%          2
 Sandblast                Erth           4%         2d4       14%         1
 Dazzling Flash           Conj/Hex       24%        N/A       17%         3
 Cigotuvi's Dreadful Rot  Necr/Pois/Air  4%         N/A       22%         2
 Passwall                 Tmut/Erth      1%         N/A       22%         2
 Fulminant Prism          Conj/Hex       6%         3d6       50%         4
 Iskenderun's Mystic Bla  Conj/Tloc      12%        2d5       50%         4
 Dispel Undead            Necr           2%         3d7       80%         4
 Manifold Assault         Tloc           2%         N/A       80%         4
 Death Channel            Necr           1%         N/A       100%        6
 Dispersal                Tloc           1%         N/A       100%        6
 Disjunction              Tloc           1%         N/A       100%        8


Dungeon Overview and Level Annotations

Branches:
Dungeon (3/15)

Altars:

Annotations:
D:3 Robin


Innate Abilities, Weirdness & Mutations

You cannot wear most types of armour.
You are amphibious.
You can wear up to eight rings at the same time.
Your skin changes colour to match your surroundings (Stealth+).
Your rubbery body absorbs attacks. (AC +1, EV +1)
((You are camouflaged when in or above water. (Stealth+)))
You have tentacles for arms and can constrict up to eight enemies at once.
You have hidden genetic potential.


Message History

Aim: Robin, wielding a +0 mace, wearing a +0 animal skin and wearing a +0 helmet (100% to hit)
The magic dart hits Robin.
Robin is moderately wounded.
You feel very sick. The goblin completely misses you.
The goblin hits you with a +1 dagger of venom.
You are lethally poisoned!
Casting: Magic Dart (safe; 1% risk of failure)
Confirm with . or Enter, or press ? or * to list all spells.
Aiming: Magic Dart (safe; 1% risk of failure)
Press: ? - help, Shift-Dir - straight line, f/p - Robin
Aim: Robin, wielding a +0 mace, wearing a +0 animal skin and wearing a +0 helmet (moderately wounded, 100% to hit)
The magic dart hits Robin but does no damage.
Robin is moderately wounded.
* * * LOW HITPOINT WARNING * * *
You feel very sick. Robin barely misses you.
The goblin hits you but does no damage. You block the goblin's attack.
It was a potion of mutation.
You feel extremely strange.
You feel a hidden potential growing inside you.
* * * LOW HITPOINT WARNING * * *
You feel very sick.
The goblin hits you with a +1 dagger of venom.
* * * LOW HITPOINT WARNING * * *
The goblin hits you but does no damage.
It was a potion of degeneration.
There was something very wrong with that liquid.
You feel weakened.
You feel dopey.
You feel clumsy.
* * * LOW HITPOINT WARNING * * *
You feel very sick. Robin hits you but does no damage.
The goblin hits you but does no damage. x2
It was a potion of cancellation.
Your magical effects are unravelling.
You feel magically purged.
You feel less wooden.
* * * LOW HITPOINT WARNING * * *
You feel sick.
Robin says, "Bow before me, strongest of all the hobgoblins!"
You block the goblin's attack. The goblin hits you with a +0 club.
You die...

##########.#.##########
#.#.#........#
#.#...######.#
#.##......##.#
#......##....# . #
#######.#.####### ...#)
#...†.#.#.# #
.....)###g###.#.#.# #
#).gg@g# #.#.#.# #
##########.#.#.# #
#....#.# #
#######.##### #
............# #
#######.###.# # ...#
#.# # ##### #.# # #.###


You could see Robin and 3 goblins.

Vanquished Creatures
  2 adders (D:2)
  2 worms
  An orc (D:3)
  5 ball pythons
  4 bats (D:2)
  3 endoplasms
  2 giant cockroaches
  10 goblins
  3 hobgoblins
  5 kobolds
  2 quokkas
  5 rats
44 creatures vanquished.

Notes
Turn   | Place    | Note
-------+----------+-------------------------------------------
     0 | D:1      | javelincjr the Octopode Conjurer began the quest for the
                  | Orb.
     0 | D:1      | Reached XP level 1. HP: 11/11 MP: 3/3
   118 | D:1      | Reached XP level 2. HP: 17/17 MP: 1/5
   819 | D:2      | Reached XP level 3. HP: 21/21 MP: 3/6
   823 | D:2      | Learned a level 3 spell: Stone Arrow
  2049 | D:3      | Reached XP level 4. HP: 27/27 MP: 5/7
  2302 | D:3      | Noticed Robin
  2317 | D:3      | Gained mutation: You have hidden genetic potential. [potion
                  | of mutation]
  2319 | D:3      | HP: 1/27 [poisoned by a goblin]
  2319 | D:3      | Slain by a goblin

Illustrated notes

Levels and vault maps discovered:
D:1:      zelgadis_glass_arrival_small, layout_basic
D:2:      layout_loops_ring, glass_columns_a
D:3:      layout_basic, biasface_ghost_orc_armoury, uniq_robin

Skill      XL: |  1 |
---------------+----+-----
Stealth        | 3 |  3.9
Dodging        | |  2.7
Spellcasting   | |  2.6
Conjurations   | |  4.4

Action                     |  1- 3 |  4- 6 || total
---------------------------+-------+-------++-------
  Melee: Dagger            |    13 |     7 ||    20
         Tentacles         |     3 |     1 ||     4
         Constrict         |     1 |     2 ||     3
   Cast: Magic Dart        |    69 |    15 ||    84
    Use: Potion            |       |     4 ||     4
 Armour: Skin              |     2 |     9 ||    11
  Dodge: Dodged            |    10 |     7 ||    17
  Block: Other             |       |     4 ||     4

Table legend: (Time is in decaauts)
 A = Elapsed time spent in this place.
 B = Non-inter-level travel time spent in this place.
 C = Inter-level travel time spent in this place.
 D = Time resting spent in this place.
 E = Time spent auto-exploring this place.
 F = Levels seen in this place.
 G = Mean time per level.
                   A        B        C        D        E       F      G
               +--------+--------+--------+--------+--------+-----+--------+
         Total |   2319 |   2285 |     34 |     51 |   1942 |   3 |  773.0 |
       Dungeon |   2319 |   2285 |     34 |     51 |   1942 |   3 |  773.0 |
               +--------+--------+--------+--------+--------+-----+--------+

Top non-repeatable levels by time:
     D:2: 1009 daAuts
     D:1: 678 daAuts
     D:3: 631 daAuts
